 Dungeon Crawl Stone Soup version 0.18.1-48-g4cf74bf (webtiles) character file.

210 Alarkh the Poker (level 5, 26/26 HPs)
             Began as a Vine Stalker Skald on July 17, 2016.
             Quit the game on level 3 of the Dungeon.
             The game lasted 00:03:26 (1932 turns).

Alarkh the Poker (Vine Stalker Skald)               Turns: 1932, Time: 00:03:26

Health: 26/26      AC:  6    Str: 14    XL:     5   Next: 88%
Magic:  9/9        EV: 11    Int: 13    God:
Gold:   208        SH:  0    Dex: 14    Spells: 1 memorised, 7 levels left

rFire  . . .     SeeInvis .     i - +2 dagger (venom)
rCold  . . .     Gourm    .     b - +0 leather armour
rNeg   . . .     Faith    .     (no shield)
rPois  .         Spirit   +     (no helmet)
rElec  .         Dismiss  .     w - +1 cloak
rCorr  .         Reflect  .     p - +0 pair of gloves
SustAt +         Harm     .     (no boots)
MR     .....                    (no amulet)
Stlth  ..........               G - ring of sustain attributes
                                k - ring of loudness

@: not resistant to hostile enchantments, extremely unstealthy
A: fangs 2, regeneration 1, magic shield, antimagic bite, no device heal 3, rot
immunity
a: no special abilities


You were on level 3 of the Dungeon.
You were not hungry.

You visited 1 branch of the dungeon, and saw 3 of its levels.

You collected 208 gold pieces.

Inventory:

Hand Weapons
 a - a +0 spear
 i - a +2 dagger of venom (weapon)
 D - a +0 trident
Armour
 b - a +0 leather armour (worn)
 p - a +0 pair of gloves (worn)
 w - a +1 cloak (worn)
Jewellery
 k - a ring of loudness (left hand)
 G - a ring of sustain attributes (right hand)
Scrolls
 f - a scroll of enchant weapon
 g - a scroll of random uselessness {unknown}
 j - a scroll of enchant armour {unknown}
 l - a scroll of immolation {unknown}
 n - 2 scrolls of remove curse
 r - 2 scrolls of fear {unknown}
 x - a scroll of blinking {unknown}
 y - a scroll of amnesia {unknown}
 F - a scroll of teleportation {unknown}
Potions
 e - a potion of haste
 s - a potion of agility
 u - 2 potions of flight
 v - a potion of brilliance {unknown}
 B - a potion of magic {unknown}
 C - a potion of resistance {unknown}
 E - a potion of lignification {unknown}
Books
 c - a book of Battle

   Spells                             Type                      Level
   a - Infusion                       Charms                       1
   b - Shroud of Golubria             Charms/Translocation         2
   c - Song of Slaying                Charms                       2
   d - Spectral Weapon                Hexes/Charms                 3
   e - Regeneration                   Charms/Necromancy            3
Comestibles
 d - 2 bread rations
 h - a royal jelly
 m - 2 fruits
 q - a meat ration
 t - 2 slices of pizza
 z - a beef jerky
 A - 9 chunks of flesh


   Skills:
 - Level 1.7 Fighting
 + Level 5.3 Polearms
 - Level 0.7 Armour
 - Level 0.7 Dodging
 - Level 2.1 Spellcasting
 - Level 3.0 Charms


You had 7 spell levels left.
You knew the following spells:

 Your Spells              Type           Power        Failure   Level  Hunger
a - Infusion              Chrm           #...         12%         1    ##.....


Dungeon Overview and Level Annotations

Branches:
Dungeon (3/15)

Altars:
The Shining One


Innate Abilities, Weirdness & Mutations

You have extremely sharp teeth.
Your natural rate of healing is unusually fast.
When hurt, damage is shared between your health and your magic reserves.
Your bite disrupts and absorbs the magic of your enemies.
Potions and wands cannot restore your health.
You are immune to rotting.


Message History

It is a scroll of identify.
Identify which item? (\ to view known items) (? for menu, Esc to quit)
f - a scroll of enchant weapon Read which item? (? for menu, Esc to quit)
Identify which item? (\ to view known items) (? for menu, Esc to quit)
As you read the scroll of identify, it crumbles to dust.
e - a potion of haste Read which item? (? for menu, Esc to quit)
Identify which item? (\ to view known items) (? for menu, Esc to quit)
As you read the scroll of identify, it crumbles to dust.
s - a potion of agility Read which item? (? for menu, Esc to quit)
Identify which item? (\ to view known items) (? for menu, Esc to quit)
As you read the scroll of identify, it crumbles to dust.
u - 2 potions of flight Read which item? (? for menu, Esc to quit)
As you read the scroll labeled QILEUF PUODA, it crumbles to dust.
You feel as if something is helping you.
It was a scroll of remove curse.
Are you sure you want to abandon this character and quit the game? (Confirm with "yes".)

######.##### .#. #.#
#.# #.# #.# #.# #(# #.#
########.# #.# #.#
.........# #.# #.#
.########.# #.#
#.##........#.#
####.###..........>..#
#........@.........#)#
#..########........#.#
#..# ........#.#####
#..# .......)..... #..#
......#†##### #..######
#.#####.##.# ##........
...........#
#...#############..####
#.### (........#


There were no monsters in sight!

Vanquished Creatures
  A hound (D:3)
  Terence (D:3)
  An orc wizard (D:3)
  3 adders
  3 worms
  4 giant geckos
  13 orcs (D:3)
  2 ball pythons
  4 giant cockroaches
  11 hobgoblins
  6 jackals (D:2)
  7 kobolds
  4 bats
  6 giant newts
  7 goblins
  6 rats
79 creatures vanquished.

Notes
Turn   | Place    | Note
--------------------------------------------------------------
     0 | D:1      | Alarkh the Vine Stalker Skald began the quest for the Orb.
     0 | D:1      | Reached XP level 1. HP: 11/11 MP: 4/4
    24 | D:1      | Reached skill level 2 in Polearms
    79 | D:1      | Reached XP level 2. HP: 15/15 MP: 6/6
   420 | D:1      | Reached skill level 3 in Polearms
   429 | D:1      | Reached XP level 3. HP: 12/18 MP: 5/7
   844 | D:2      | Found a glowing golden altar of the Shining One.
  1019 | D:2      | Reached XP level 4. HP: 23/23 MP: 8/8
  1330 | D:2      | Reached skill level 4 in Polearms
  1500 | D:3      | Reached XP level 5. HP: 17/26 MP: 7/9
  1791 | D:3      | Reached skill level 5 in Polearms
  1873 | D:3      | Noticed Terence
  1885 | D:3      | Killed Terence
  1932 | D:3      | Quit the game

Skill      XL: |  1  2  3  4  5 |
---------------+----------------+-----
Polearms       | 2 3 4 5 |  5.3
Fighting       | |  1.7
Armour         | |  0.7
Dodging        | |  0.7
Spellcasting   | |  2.1
Charms         | |  3.0

Action                   |  1- 3 |  4- 6 || total
-------------------------+-------+-------++-------
Melee: Spear             |    49 |       ||    49
       Bite              |    27 |    31 ||    58
       Dagger            |    84 |   123 ||   207
  Use: Scroll            |       |     5 ||     5
  Eat: Chunk             |       |     4 ||     4
Armor: Leather armour    |    26 |    38 ||    64
Dodge: Dodged            |    68 |    62 ||   130
